 Dungeon Crawl Stone Soup version 0.15.0-11-g6f4f891 (webtiles) character file.

410 PotatoesMaster the Ruffian (level 6, -1/59 HPs)
             Began as a Troll Monk on Aug 30, 2014.
             Hit by a tomahawk thrown by an orc (5 damage)
             ... on Level 4 of the Dungeon.
             The game lasted 00:11:01 (2660 turns).

PotatoesMaster the Ruffian (Troll Monk)             Turns: 2660, Time: 00:11:01

HP  -1/59        AC  5     Str 22      XL: 6   Next: 58%
MP   3/3         EV 11     Int  6      God:
Gold 96          SH  0     Dex 12      Spells:  0 memorised,  5 levels left

rFire  . . .     SeeInvis .       - Unarmed
rCold  . . .     Clarity  .     a - +0 robe
rNeg   . . .     rCorr    .     (shield restricted)
rPois  .         rRot     .     (helmet restricted)
rElec  .         Spirit   .     (no cloak)
SustAb .         Warding  .     (gloves unavailable)
rMut   .         Stasis   .     (boots unavailable)
Gourm  +                        (no amulet)
MR     .....                    (no ring)
                                (no ring)

@: lethally poisoned, not resistant to hostile enchantments, very unstealthy
A: unfitting armour, claws 3, fast metabolism 3, gourmand, regeneration 2,
saprovore 2, shaggy fur 1, tough skin 2
a: no special abilities


You were on level 4 of the Dungeon.
You were completely stuffed.

You visited 1 branch of the dungeon, and saw 4 of its levels.

You collected 96 gold pieces.

Inventory:

Missiles
 h - 30 stones (quivered)
 y - 4 tomahawks
 B - a poisoned tomahawk
Armour
 a - a +0 robe (worn)
Magical devices
 z - a wand of disintegration (10) {unknown}
Comestibles
 b - 2 meat rations
 c - 4 fruits
 g - 2 royal jellies
 j - 2 bread rations
 o - a slice of pizza
 v - 2 chunks of hobgoblin flesh
 w - 2 chunks of hound flesh
 C - a rotting chunk of bat flesh
 D - 2 rotting chunks of jackal flesh
 E - a rotting chunk of worm flesh
Scrolls
 d - 3 scrolls of teleportation {unknown}
 e - a scroll of fear {unknown}
 f - 2 scrolls of identify {unknown}
 s - a scroll of enchant armour {unknown}
 t - a scroll of enchant weapon {unknown}
Jewellery
 l - an uncursed amulet of warding {unknown}
 m - an uncursed ring of fire {unknown}
 A - an uncursed ring of fire {unknown}
Potions
 i - a potion of heal wounds {unknown}
 k - a potion of degeneration {unknown}
 n - 2 potions of curing {unknown}
 p - a potion of mutation {unknown}
 q - a potion of invisibility {unknown}
 r - a potion of magic {unknown}
 u - a potion of brilliance {unknown}
 x - a potion of poison {unknown}


   Skills:
 - Level 2.4 Fighting
 + Level 4.4 Dodging
 - Level 1.1 Stealth
 + Level 6.6 Unarmed Combat


You had 5 spell levels left.
You didn't know any spells.

Dungeon Overview and Level Annotations

Branches:
Dungeon (4/15)
 Temple: D:4-7

Altars:
Cheibriados
Fedhas
Makhleb


Innate Abilities, Weirdness & Mutations

You are too large for most types of armour.
You have claws for hands.
Your metabolism is lightning-fast.
You like to eat raw meat.
You heal very quickly.
You can eat rotten meat.
You are covered in fur (AC +1).
You have very tough skin (AC +2).


Message History

Pain shoots through your body!
You scratch the orc priest but do no damage.
You feel sick. The orc closely misses you. The orc hits you but does no damage.
The orc priest hits you but does no damage.
You closely miss the orc priest.
You feel sick.
The phantom blinks!
The orc closely misses you.
You scratch the orc priest.
The orc priest begins to bleed from its wounds!
The orc priest is lightly wounded.
You feel sick. The orc hits you with a whip.
* * * LOW HITPOINT WARNING * * *
The orc priest invokes the aid of Beogh against you.
Something smites you!
* * * LOW HITPOINT WARNING * * *
You feel sick.
You feel sick.
The orc throws a tomahawk.
The tomahawk completely misses you.
The orc priest prays to Beogh.
You feel a wave of unholy energy pass over you.
The orc throws a tomahawk.
The tomahawk hits you.
You die...

#............#
#...>........# ####
#............# ##(.##
#....W....# ###<...#
#)oo..# ##......##
####o#.## ##.)......#
#.....# ##.........#
........##.####..........##
......# ##@##............#
...!.. #..#............#
..... ##..............#
.... #(..(..........# ..
#.#............# .
#.#...........##
#.#...........#
#.#...........#
#.#...........#


You could see a phantom, an orc priest (bleeding) and an orc.

Vanquished Creatures
  An ice beast (D:3)
  The ghost of Erozz the Grave Robber, a weakling DDNe of Xom (D:3)
  A hound (D:4)
  An orc priest (D:3)
  Terence (D:2)
  7 adders
  2 giant mites
  4 worms
  An iguana skeleton (D:3)
  3 giant geckos
  2 oozes
  5 orcs
  A ball python (D:3)
  10 goblins
  12 hobgoblins
  5 jackals (D:3)
  4 kobolds
  2 quokkas
  6 bats
  2 giant cockroaches
  5 giant newts
  5 rats
81 creatures vanquished.

Notes
Turn   | Place    | Note
--------------------------------------------------------------
     0 | D:1      | PotatoesMaster, the Troll Monk, began the quest for the Orb.
     0 | D:1      | Reached XP level 1. HP: 22/22 MP: 1/1
   316 | D:1      | Reached XP level 2. HP: 29/29 MP: 1/1
   537 | D:1      | Reached XP level 3. HP: 34/36 MP: 2/2
   849 | D:2      | Reached skill level 5 in Unarmed Combat
   921 | D:2      | Reached XP level 4. HP: 37/44 MP: 2/2
  1271 | D:2      | Noticed Terence
  1279 | D:2      | Killed Terence
  1821 | D:3      | Noticed an ice beast
  1830 | D:3      | Killed an ice beast
  1830 | D:3      | Reached XP level 5. HP: 38/50 MP: 2/2
  1857 | D:3      | Reached skill level 6 in Unarmed Combat
  2024 | D:3      | Found a burning altar of Makhleb.
  2026 | D:3      | Reached XP level 6. HP: 53/59 MP: 3/3
  2213 | D:3      | Noticed Erozz's ghost (weakling DDNe)
  2223 | D:3      | Killed Erozz's ghost
  2430 | D:3      | Found a blossoming altar of Fedhas.
  2430 | D:3      | Found a snail-covered altar of Cheibriados.
  2660 | D:4      | Hit by a tomahawk thrown by an orc

Action                   |  1- 3 |  4- 6 || total
-------------------------+-------+-------++-------
Melee: Unarmed           |    89 |   147 ||   236
 Stab: Sleeping          |     1 |       ||     1
  Eat: Chunk             |    14 |    16 ||    30
